AoeStats
← Carpincho de Nordelta

Arabia

503262192Analyzed
1v1 RM · 10d ago on Aug 30, 2026· 22m 53s· 2 players
Game mode
Random Map
Map size
Tiny (2 player)
Population
200
Speed
Normal
Resources
Standard
Victory
Conquest
Starting age
Dark Age
Ending age
Imperial Age
RankedLock teamsTeams togetherTeam positionsShared explorationLock speedFull tech treeHidden civsTurbo modeCheats
Victory
Defeat
🇧🇷 Persians · Brazil
233
+13
🇦🇷 Vikings · Argentina
160
-13
Carpincho de Nordelta
1:22 Loom
10:38 Feudal Age
11:25 Town Watch
13:30 Double-Bit Axe
13:28 Horse Collar
faeL
7:55 Loom
11:09 Feudal Age
11:56 Double-Bit Axe
18:56 Scale Barding Armor
21:56 Fletching
Connection lost

Rejoining the realm…

Still unreachable

The connection could not be restored.

Session expired

The server has moved on; the page needs a fresh start.